[Event "*** SCC Grand Prix: Titled Tuesday Blitz"]
[Site "Chess.com"]
[Date "2020.06.23"]
[Round "5"]
[White "Fortitudine"]
[Black "ChessNetwork"]
[Result "1-0"]
[WhiteElo "2274"]
[BlackElo "2620"]
[TimeControl "180+1"]
[EndTime "10:57:30 PDT"]
[Termination "Fortitudine won on time"]

1. d4 Nf6 2. Nc3 d5 3. Bg5 a6 4. e3 e6 5. Nf3 Be7 6. Bd3 b5 7.
O-O Bb7 8. a3 Nbd7 9. Re1 c5 10.
dxc5 Nxc5 11. Bf1 O-O 12. Ne5 Rc8 13. Rc1 Qc7 14. Bf4 Bd6 15. Nd3 Nce4 16. Bxd6 Nxd6 17.
Ne2 Rfd8 18. Ng3 Qb6 19. c3 Nc4 20. Rb1 Qc7 21. h3 h6 22. Nh5 Qe7 23. Nxf6+ Qxf6 24. Nf4 g6 25. Bd3 e5 26. Ne2 Nd6 27. Ng3 h5 28. Nf1 Kg7 29. Nh2 Rd7 30. Qe2 Rcd8 31. Rf1 Ne4 32. Rbd1 Nc5 33. Bc2 Ne6 34. Nf3 d4 35.
exd4 Bxf3 36. Qxf3 Qxf3 37. gxf3 exd4 38. Bb3 Nf4 39. cxd4 Nxh3+ 40. Kh2 Nf4 41. d5 Nxd5 42. Rd4 Nf6 43. Rxd7 Rxd7 44. Kg3 Rd2 45. Rb1 g5 46. a4 h4+ 47. Kg2 Nh5 48. axb5 Nf4+ 49. Kg1 axb5 50. Bd1 Nd3 51. b4 Rb2 52. Rxb2 Nxb2 53. Be2 1-0

[Event "*** SCC Grand Prix: Titled Tuesday Blitz"]
[Site "Chess.com"]
[Date "2020.06.23"]
[Round "5"]
[White "MYMChessAcademy"]
[Black "m-garcett"]
[Result "0-1"]
[WhiteElo "2216"]
[BlackElo "2061"]
[TimeControl "180+1"]
[EndTime "10:57:30 PDT"]
[Termination "m-garcett won by checkmate"]

1. e4 c5 2. Nf3 d6 3. d4 cxd4 4. Nxd4 Nf6 5. Nc3 a6 6. Be2 e6 7. Be3 Nbd7 8. g4 e5 9. Nb3 h6 10. Qd2 b5 11. f3 Bb7 12. O-O-O Rc8 13. Kb1 Be7 14. h4 Nb6 15. g5 hxg5 16. hxg5 Rxh1 17.
Rxh1 Nfd7 18. g6 f6 19. Rh8+ Nf8 20. Na5 Ba8 21. f4 Qc7 22. fxe5 dxe5 23. Bh6 b4 24. Nd5 Nxd5 25. exd5 Bxd5 26. Nb3 Bxb3 27. axb3 Rd8 28. Bd3 Qb6 29. Be3 Bc5 30. Bxc5 Qxc5 31. Qe2 Qg1+ 32. Ka2 Qc5 33. Qe4 Ke7 34. Qc4 Qxc4 35. Bxc4 Nxg6 36.
Rh1 Rd6 37. Rg1 f5 38. Rf1 Kf6 39. Bd3 f4 40. Bxg6 Kxg6 41. Rg1+ Kf6 42. Rf1 g5 43. Rf2 g4 44. Rg2 g3 45. Rg1 Kf5 46. Rf1 Kg4 47. Rg1 f3 48. Rf1 f2 49. Rg1 Kf3 50. Rg2 Kxg2 51. c3 f1=Q 52. cxb4 Qe1 53. Ka3 Qe3 54.
Ka4 Qb6 55. Ka3 Qb5 56. Ka2 Qxb4 57. Ka1 Qxb3 58. Kb1 Rd1# 0-1

[Event "*** SCC Grand Prix: Titled Tuesday Blitz"]
[Site "Chess.com"]
[Date "2020.06.23"]
[Round "5"]
[White "KingChess345"]
[Black "Piotrek1979"]
[Result "0-1"]
[WhiteElo "2175"]
[BlackElo "2350"]
[TimeControl "180+1"]
[EndTime "10:57:31 PDT"]
[Termination "Piotrek1979 won on time"]

1. d4 d6 2. Nf3 Bg4 3. g3 e6 4. Bg2 Nf6 5. O-O Be7 6. c4 O-O 7. Nc3 Nbd7 8. Qb3 Rb8 9. Re1 a6 10. a4 c5 11. d5 exd5 12. cxd5 Re8 13. Nd2 b5 14. axb5 axb5 15. e4 Ne5 16. f4 Nd3 17. Re3 c4 18. Qc2 Qb6 19. Nf1 Nd7 20. h3 Bh5 21. g4 Bg6 22. f5 Bg5 23. fxg6 hxg6 24. Kh2 Nxc1 25. Qxc1 Nc5 26. Qe1 b4 27. Na4 Nxa4 28.
Rxa4 Bf4+ 29. Kh1 Bxe3 30. Nxe3 Qd4 31. Qe2 Rxe4 32. Bxe4 Qxe4+ 33. Kh2 Re8 34. Rxb4 Qxe3 35. Qxe3 Rxe3 36. Rxc4 Re2+ 37. Kg3 Rxb2 38. Rc6 Rb3+ 39. Kh4 f6 40. g5 Rb4+ 41. Kg3 fxg5 42. Rxd6 Kf7 43. Rd7+ Kf6 44. Rd8 Rd4 45. Rf8+ Ke7 46.
Rg8 Kf7 47. Rd8 Rd1 48. Rd7+ Kf6 49. Rd6+ Kf5 50. Rd7 Rd3+ 51. Kg2 Kf6 52. Rd6+ Kf5 53. Rd7 g4 54. hxg4+ Kg5 55. d6 Kxg4 56. Rxg7 Rd2+ 0-1

[Event "*** SCC Grand Prix: Titled Tuesday Blitz"]
[Site "Chess.com"]
[Date "2020.06.23"]
[Round "5"]
[White "vovachesss"]
[Black "bazar-wokzal"]
[Result "0-1"]
[WhiteElo "2587"]
[BlackElo "2432"]
[TimeControl "180+1"]
[EndTime "10:57:32 PDT"]
[Termination "bazar-wokzal won by resignation"]

1. c4 f5 2. Nc3 Nf6 3. e4 fxe4 4. d3 e5 5. dxe4 Bc5 6. Bd3 O-O 7. Qe2 d6 8. h3 Nc6 9. Be3 Nd4 10. Qd2 Nh5 11. Nge2 Qh4 12. O-O-O Be6 13. Nd5 Rf7 14. Nxd4 Bxd4 15. Bxd4 exd4 16. g3 Qd8 17. g4 Nf6 18. f4 c6 19. Nxf6+ Qxf6 20. g5 Qxf4 21. h4 Raf8 22. Kc2 Bg4 23. Qxf4 Rxf4 24. Rd2 Rf2 25.
Rh2 Rxh2 26. Rxh2 c5 27. Kd2 Rf4 28. a3 Kf7 29. b4 b6 30. bxc5 dxc5 31. e5 g6 32. a4 Ke6 33. a5 Kxe5 34. axb6 axb6 35. Kc1 Rf3 36. Re2+ Re3 37. Rd2 Kf4 38. Bc2 Kg3 39. Kb2 Kxh4 40. Rh2+ Rh3 41. Rf2 Kxg5 42. Rf7 h5 43.
Re7 Rh2 44. Kb3 Bf5 45. Bxf5 Kxf5 46. Rf7+ Kg4 47. Rb7 g5 48. Rxb6 h4 49. Rc6 h3 50.
Rxc5 Rd2 51. Rc8 h2 52. Rh8 Kg3 53. c5 Rd1 54. Kc2 h1=Q 55. Rxh1 Rxh1 56. c6 Rh6 57. c7 Rc6+ 58. Kd3 Rxc7 0-1

[Event "*** SCC Grand Prix: Titled Tuesday Blitz"]
[Site "Chess.com"]
[Date "2020.06.23"]
[Round "5"]
[White "cukin84"]
[Black "SARGISMV"]
[Result "0-1"]
[WhiteElo "2167"]
[BlackElo "2442"]
[TimeControl "180+1"]
[EndTime "10:57:32 PDT"]
[Termination "SARGISMV won on time"]

1. e4 c5 2. Nc3 Nc6 3. Bb5 g6 4. Bxc6 dxc6 5. d3 Bg7 6. f4 Nf6 7. Nf3 O-O 8. O-O b6 9. Qe1 a5 10. a4 Ba6 11. b3 Nh5 12. g4 Nf6 13. g5 Nh5 14. Bd2 Bc8 15. Nh4 Bh3 16. Rf3 Bg4 17. Rf2 Bd4 18. Kh1 e5 19. f5 Bxf2 20. Qxf2 Qd4 21. Qg2 gxf5 22. exf5 Ng7 23. Rf1 f6 24.
h3 Bh5 25. gxf6 Rxf6 26. Ne4 Rf7 27. f6 Kh8 28. fxg7+ Rxg7 29. Qxg7+ Kxg7 30. Nf5+ Kg6 31. Nxd4 cxd4 32. Rg1+ Kf7 33. Kh2 Bg6 34. Nd6+ Ke6 35. Nc4 Rb8 36. Re1 e4 37. dxe4 b5 38. Nxa5 bxa4 39.
bxa4 Kd6 40. e5+ Kd5 41. e6 Re8 42. e7 c5 43. Bg5 Bxc2 44. Rf1 Bxa4 45. Rf8 c4 46.
Rf5+ Ke4 47. Rf1 c3 48. Nc4 Kd3 49. Nd6 Ra8 50. h4 Kc2 0-1

[Event "*** SCC Grand Prix: Titled Tuesday Blitz"]
[Site "Chess.com"]
[Date "2020.06.23"]
[Round "5"]
[White "wonderfultime"]
[Black "Khvicha_Supatashvili"]
[Result "1-0"]
[WhiteElo "2961"]
[BlackElo "2646"]
[TimeControl "180+1"]
[EndTime "10:57:33 PDT"]
[Termination "wonderfultime won on time"]

1. d4 Nf6 2. Nf3 d5 3. Bf4 c5 4. c3 Nc6 5. e3 Qb6 6. Qc2 g6 7. Nbd2 Bf5 8. dxc5 Qxc5 9. Qb3 Qb6 10. Be2 Bg7 11. O-O O-O 12. h3 Rfe8 13. Rfd1 e5 14. Bh2 Rad8 15. Rac1 Qxb3 16. Nxb3 Ne4 17. Nfd2 Nd6 18.
Bf3 e4 19. Be2 Ne5 20. Nd4 Bd7 21. b3 Rc8 22. c4 dxc4 23. bxc4 b6 24. N4b3 Ba4 25.
Rc2 f5 26. Rb1 Nb7 27. g4 Nd3 28. gxf5 gxf5 29. Nf1 Be5 30. Ng3 Rf8 31. Rd2 Nbc5 32. Nxc5 Nxc5 33. Rd5 Rce8 34. Kh1 Bc6 35. Rd2 f4 36.
Nh5 f3 37. Bd1 Bxh2 38. Kxh2 Rd8 39. Rbb2 Kf7 40. Nf4 Kf6 41. Bb3 Ke5 42. Rbc2 Rg8 43. Rxd8 Rxd8 44. Kg3 Rd1 45. Kh4 Nd3 46. Rc3 Rd2 47.
Nxd3+ exd3 48. Kg3 Be4 49. c5 bxc5 50. Rxc5+ Kd6 51.
Rc4 Ke5 52. Rc5+ Kd6 53. Rc8 Rb2 54. Kf4 1-0

[Event "*** SCC Grand Prix: Titled Tuesday Blitz"]
[Site "Chess.com"]
[Date "2020.06.23"]
[Round "5"]
[White "dey2580"]
[Black "Dmitry_Konenkin"]
[Result "1-0"]
[WhiteElo "2552"]
[BlackElo "2385"]
[TimeControl "180+1"]
[EndTime "10:57:33 PDT"]
[Termination "dey2580 won by resignation"]

1. d4 d6 2. Nf3 Bg4 3. Nbd2 Nd7 4. b3 e5 5. Bb2 Bxf3 6. exf3 Ngf6 7. Be2 Be7 8. O-O O-O 9. dxe5 Nxe5 10. f4 Ng6 11. g3 Nd7 12. Bf3 Rb8 13. Nc4 Bf6 14. Qc1 Nc5 15.
Rd1 Re8 16. a4 Qe7 17. Ne3 Nd7 18. Nd5 Qd8 19. c4 c6 20. Ne3 Nc5 21. Qc2 Qc7 22.
Bxf6 gxf6 23. Qc3 Nf8 24. b4 Ne4 25. Bxe4 Rxe4 26. Qxf6 Qe7 27. Qxe7 Rxe7 28. Rxd6 Re4 29. Rad1 Ne6 30. Rd7 a5 31. bxa5 Nc5 32. Rc7 Nxa4 33. Rdd7 Rf8 34. Nf5 Rxc4 35. Rxf7 Rxf7 36. Nh6+ Kg7 37.
Nxf7 Kf6 38. Ne5 Rc1+ 39. Kg2 Nc5 40. Rxh7 Ne4 41. Rf7+ Ke6 42. Rxb7 Rc2 43. Kf3 Nxf2 44. Rb6 Kd5 45. Rxc6 Ra2 46. Rc3 Nd1 47. Rd3+ Ke6 48.
Rxd1 Rxa5 49. h4 Ra3+ 50. Kg4 Kf6 51. h5 Kg7 52. Rd7+ Kf6 53. Rd6+ Ke7 54. Rg6 Ra1 55. h6 Rh1 56. Kg5 Rh3 57. g4 Kf8 58. Rg7 Re3 59.
Ng6+ Ke8 60. h7 1-0

[Event "*** SCC Grand Prix: Titled Tuesday Blitz"]
[Site "Chess.com"]
[Date "2020.06.23"]
[Round "5"]
[White "TheNextLevelFan"]
[Black "warmoatmeal"]
[Result "1-0"]
[WhiteElo "2498"]
[BlackElo "2319"]
[TimeControl "180+1"]
[EndTime "10:57:34 PDT"]
[Termination "TheNextLevelFan won by resignation"]

1. d4 Nf6 2. Nf3 d5 3. g3 c5 4. Bg2 e6 5. O-O cxd4 6. Nxd4 Nc6 7. c4 Bc5 8. Nb3 Bb6 9. cxd5 exd5 10. Nc3 Be6 11. Bg5 O-O 12. Bxf6 Qxf6 13. Bxd5 Bxd5 14. Qxd5 Rad8 15. Qb5 Rfe8 16. e3 Re5 17. Qe2 Rde8 18. Rad1 h6 19. Nd5 Qg6 20. Nxb6 axb6 21. Rd7 R8e7 22.
Rfd1 Rxd7 23. Rxd7 Qb1+ 24. Kg2 Qxa2 25. Qc4 Re7 26. Rxe7 Nxe7 27. Qb4 Qxb2 28. Qxb6 Nf5 29. g4 Nh4+ 30. Kg3 Qe5+ 31. f4 Qe7 32. Qc5 Qd8 33.
Qd4 Qxd4 34. exd4 Ng6 35. f5 Ne7 36. Kf4 f6 37. Ke4 Kf7 38. Na5 b6 39. Nc4 b5 40.
Nd6+ Kf8 41. Nxb5 Nc8 42. Kd5 Ke7 43. Kc6 Kd8 44. d5 Ne7+ 45. Kd6 g6 46. Ke6 h5 47. d6 Ng8 48. fxg6 hxg4 49. Nd4 g3 50. Nc6+ Kc8 51. d7+ Kb7 52. d8=Q gxh2 53. Qb8+ Kxc6 54. Qxh2 Kb5 55. g7 Kc4 56. Kf7 Kd4 57. Kxg8 Ke4 58. Kf7 f5 59.
g8=Q f4 60. Qg6+ Ke3 61. Qg5 Ke4 62. Qhxf4+ 1-0

[Event "*** SCC Grand Prix: Titled Tuesday Blitz"]
[Site "Chess.com"]
[Date "2020.06.23"]
[Round "5"]
[White "mbojan"]
[Black "51616516516"]
[Result "0-1"]
[WhiteElo "2575"]
[BlackElo "2351"]
[TimeControl "180+1"]
[EndTime "10:57:35 PDT"]
[Termination "51616516516 won by checkmate"]

1. e4 c5 2. Nf3 e6 3. d4 cxd4 4. Nxd4 Nc6 5. Nc3 Qc7 6. Be3 a6 7. Qd2 Nf6 8. O-O-O Bb4 9. f3 b5 10. g4 h6 11. h4 Bb7 12. Rg1 Ne5 13. Kb1 Bxc3 14.
bxc3 d5 15. g5 hxg5 16. hxg5 Nfd7 17. f4 Nc4 18. Bxc4 Qxc4 19. g6 Nc5 20. gxf7+ Kd7 21. Rxg7 Raf8 22. exd5 Bxd5 23. Nb3 Ne4 24. Qd4 Nxc3+ 25.
Ka1 Nxd1 26. Qa7+ Qc7 27. Nc5+ Kc8 28. Qxa6+ Kb8 29. Qa3 Nxe3 30. Na6+ Kc8 31. Qxe3 Rh1+ 32. Kb2 Qc4 33. Nc5 Qxa2+ 34. Kc3 Qc4+ 35. Kb2 Qb4+ 36. Nb3 Bxb3 37. cxb3 Rh2+ 38. Kb1 Qd6 39. Rg1 Rh5 40.
Rc1+ Kd7 41. Qa7+ Kd8 42. Qa8+ Ke7 43. Qb7+ Kf6 44. Qe4 Qd5 45. f5 Qxf5 46. Rf1 Qxf1+ 47. Kb2 Qf5 48. Qd4+ Kxf7 49. Qf4 Kg6 50. Qg3+ Qg5 51. Qc7 Qf6+ 52. Ka3 Rf7 53. Kb4 Kg7 54. Qc2 Qf4+ 55.
Ka5 Rh4 56. Kb6 Qd6+ 57. Kxb5 Rb7+ 58. Ka5 Qb6# 0-1

[Event "*** SCC Grand Prix: Titled Tuesday Blitz"]
[Site "Chess.com"]
[Date "2020.06.23"]
[Round "5"]
[White "WIDBIFS"]
[Black "sergeikim"]
[Result "1-0"]
[WhiteElo "2714"]
[BlackElo "2521"]
[TimeControl "180+1"]
[EndTime "10:57:37 PDT"]
[Termination "WIDBIFS won by resignation"]

1. d4 Nf6 2. Nf3 g6 3. g3 Bg7 4. Bg2 O-O 5. O-O d6 6. c4 Nbd7 7. Nc3 e5 8. e4 exd4 9. Nxd4 Re8 10. h3 Nc5 11. Re1 c6 12. Rb1 a5 13. b3 Nfd7 14.
Be3 Ne5 15. Qc2 Qb6 16. Red1 Qc7 17. f4 Ned7 18. Bf2 Nf8 19. Re1 Nfe6 20. Nxe6 Bxe6 21. Rbd1 b6 22. g4 Rad8 23. f5 Bc8 24. Ne2 Qe7 25. Nd4 Bb7 26. Nf3 Qc7 27. g5 Nd7 28. f6 Bf8 29. h4 Ne5 30. Bg3 Bc8 31. Rd2 Bg4 32.
Qc3 Re6 33. Nd4 Ree8 34. Nf3 Re6 35. Red1 Nxf3+ 36. Bxf3 Bxf3 37. Qxf3 Rde8 38. e5 dxe5 39. Qe4 Bc5+ 40. Kg2 Bd4 41. Qxd4 exd4 42. Bxc7 c5 43.
Bg3 h6 44. Bf4 Kh7 45. Kf3 Re4 46. Rf1 R4e6 47. Rff2 a4 48. Rfe2 axb3 49. axb3 h5 50.
Rxe6 Rxe6 51. Re2 Rc6 52. Re7 Kg8 53. Re8+ Kh7 54. Rf8 1-0

[Event "*** SCC Grand Prix: Titled Tuesday Blitz"]
[Site "Chess.com"]
[Date "2020.06.23"]
[Round "5"]
[White "Schachmalanders"]
[Black "HrvojeZagreb"]
[Result "1-0"]
[WhiteElo "2338"]
[BlackElo "2112"]
[TimeControl "180+1"]
[EndTime "10:57:37 PDT"]
[Termination "Schachmalanders won by resignation"]

1. e4 d6 2. d4 Nd7 3. Nc3 e5 4. Nf3 Ngf6 5. h3 Be7 6. Be3 c6 7. Bd3 Qc7 8. O-O h6 9. Qd2 g5 10. Nh2 Nf8 11. Rad1 Ng6 12. Bc4 Nf4 13. dxe5 dxe5 14.
Kh1 b5 15. Bb3 b4 16. Na4 Nxe4 17. Qd3 Bf5 18. Qc4 Nd6 19. Rxd6 Bxd6 20. Rd1 Be6 21. Qe4 Bxb3 22. axb3 O-O 23. Ng4 Kg7 24. Qf5 Qe7 25.
Nc5 h5 26. Ne4 hxg4 27. Rxd6 gxh3 28. g3 Rad8 29. Rf6 Ng6 30. Bxg5 Qd7 31. Qxd7 Rxd7 32. Rxc6 h2 33. Kxh2 Rh8+ 34. Kg2 f5 35. Bf6+ Kf7 36.
Bxh8 Nxh8 37. Ng5+ Kf8 38. Ne6+ Kg8 39. Nc5 Rg7 40.
Rc8+ Kh7 41. Ne6 Rg6 42. Nc7 Rg8 43. Rxg8 Kxg8 44. Nd5 Ng6 45. Nxb4 f4 46. Nc6 fxg3 47. Kxg3 Kf7 48. Kf3 Ke6 49. Ke4 a6 50. b4 Ne7 51.
Nxe7 Kxe7 52. Kxe5 Kd7 53. f4 a5 54. f5 a4 55. f6 a3 56. bxa3 Ke8 57. Ke6 Kf8 58.
b5 Ke8 59. b6 Kd8 60. b7 Kc7 61. b8=Q+ Kxb8 62. f7 Kc7 63. f8=Q Kb7 64. Qd6 Ka7 65. Qb4 Ka6 66. Kd6 Ka7 67. Kc6 1-0

[Event "*** SCC Grand Prix: Titled Tuesday Blitz"]
[Site "Chess.com"]
[Date "2020.06.23"]
[Round "5"]
[White "ElviraBerend"]
[Black "KyrgyzFighter"]
[Result "1/2-1/2"]
[WhiteElo "2479"]
[BlackElo "2286"]
[TimeControl "180+1"]
[EndTime "10:57:39 PDT"]
[Termination "Game drawn by agreement"]

1. d4 f5 2. Nf3 Nf6 3. c4 g6 4.
e3 Bg7 5. Be2 O-O 6. b3 d6 7.
Bb2 Qe8 8. d5 Na6 9. O-O c6 10.
Nc3 Bd7 11. Nd4 Rd8 12. f3 e5 13. dxe6 Bxe6 14. Re1 Kh8 15. Bf1 Nc5 16. b4 Ncd7 17.
e4 fxe4 18. Nxe4 Nxe4 19. Rxe4 Ne5 20. f4 d5 21. Rxe5 Bxe5 22. fxe5 dxc4 23. Qc2 Bd5 24. Bxc4 Qf7 25. Bxd5 Qxd5 26. Nf3 Kg8 27. e6 Rxf3 28.
gxf3 Qg5+ 29. Qg2 Qxg2+ 30. Kxg2 Rd2+ 31. Kg3 Rxb2 32. Re1 Kf8 33. Kf4 Ke7 34. h4 Rxb4+ 35. Kg5 Rb5+ 36. Kg4 Rd5 37. f4 h5+ 38. Kf3 Rd6 39.
f5 gxf5 40. Kf4 Rxe6 41. Rb1 Re4+ 42. Kxf5 Rxh4 43. Rxb7+ Kd6 44. Rxa7 Rh2 45. a4 Kc5 46. Ra8 h4 47. Kg4 h3 48. Kg3 Rh1 49. a5 Kb5 50. a6 Ra1 51. Kxh3 Rxa6 52. Rb8+ Kc4 53. Kg3 c5 54. Kf2 Kc3 55. Ke2 c4 56. Rc8 Rd6 57. Rc7 Rd4 58. Rc8 Rh4 59. Kd1 Rh2 60. Rc7 Rg2 61. Rc8 Rg4 62. Rc7 Rd4+ 63. Kc1 Rd3 64.
Rc8 Rh3 65. Kb1 Kd2 66. Rd8+ Rd3 67. Rh8 c3 68. Rh2+ Ke3 69. Rh3+ Kd4 70. Rh4+ Kc5 71.
Kc2 Rg3 72. Rf4 1/2-1/2

[Event "*** SCC Grand Prix: Titled Tuesday Blitz"]
[Site "Chess.com"]
[Date "2020.06.23"]
[Round "5"]
[White "Msb2"]
[Black "Firouzja2003"]
[Result "0-1"]
[WhiteElo "2842"]
[BlackElo "3134"]
[TimeControl "180+1"]
[EndTime "10:57:40 PDT"]
[Termination "Firouzja2003 won by resignation"]

1. d4 Nf6 2. c4 g6 3. Nc3 Bg7 4. e4 d6 5. Nf3 O-O 6. Be2 e5 7. Be3 Nbd7 8. O-O c6 9. Qc2 Re8 10. Rad1 exd4 11. Nxd4 Qe7 12. f3 a6 13. Bf2 Ne5 14. Rfe1 c5 15. Nb3 Be6 16. Nd2 Nh5 17. Be3 Qh4 18. b3 f5 19. Nf1 f4 20. Bf2 Qe7 21. Nd5 Qf7 22. Rd2 g5 23. Red1 g4 24. fxg4 Bxg4 25. Bxg4 Nxg4 26. Rd3 Ne5 27. Rh3 f3 28.
Nfe3 fxg2 29. Nf5 Re6 30. Qe2 Nf6 31. Rg3 Ng6 32. Nxf6+ Qxf6 33. Qg4 Rae8 34. Re1 Re5 35. h4 Rxf5 36. Qxf5 Qb2 37. h5 Rf8 38. Qe6+ Kh8 39. Rxg2 Nf4 40. Qg4 Nxg2 41. Qxg2 Be5 42. Kh1 Qxf2 43.
Qxf2 Rxf2 44. h6 Rh2+ 45. Kg1 Rxh6 46. Rf1 Rg6+ 47. Kh1 Rf6 48. Rd1 Kg7 49. Rd3 a5 50. a3 Rg6 51. b4 axb4 52. axb4 Rg3 53. Rd5 cxb4 54. Rb5 b3 55. Rxb7+ Kg6 56. c5 dxc5 0-1

[Event "*** SCC Grand Prix: Titled Tuesday Blitz"]
[Site "Chess.com"]
[Date "2020.06.23"]
[Round "5"]
[White "BogdanBelyakov89"]
[Black "cholzan"]
[Result "0-1"]
[WhiteElo "2580"]
[BlackElo "2358"]
[TimeControl "180+1"]
[EndTime "10:57:40 PDT"]
[Termination "cholzan won on time"]

1. e4 d6 2. d4 Nf6 3. Nc3 e5 4. Nf3 Nbd7 5. Bc4 Be7 6. O-O O-O 7. Re1 c6 8. a4 b6 9. h3 Qc7 10. Bf1 a6 11. Be3 Bb7 12. Nh4 Rfe8 13. Nf5 Bf8 14. f3 b5 15. axb5 cxb5 16. d5 Rac8 17. Re2 Nh5 18.
Qe1 Nf4 19. Rd2 g6 20. Ng3 Bh6 21. Qf2 Rf8 22. Nge2 Nxe2+ 23. Nxe2 Bxe3 24. Qxe3 Qc5 25. Qxc5 Rxc5 26. c3 Nb6 27. Nc1 f5 28. Nd3 Rc7 29. Nb4 fxe4 30. fxe4 Rcf7 31. Bd3 Na4 32. Nc2 Nxb2 33.
Ne3 Nxd3 34. Rxd3 Rf4 35. c4 Rxe4 36. cxb5 axb5 37. Rc1 b4 38. Rc7 Ba6 39. Rb3 Rf7 40. Rc6 Bb5 41. Rxd6 Ba4 42. Rd3 Rb7 43. Ng4 Kg7 44.
Rd2 b3 45. Rb2 Rc4 46. Nxe5 Rc2 47. Rb1 b2 48. Ra6 Rc1+ 49. Kh2 Rxb1 50. Rxa4 Rh1+ 51. Kxh1 b1=Q+ 52. Kh2 Qc2 53. Rg4 Qc7 54. Re4 Rb4 55. Rxb4 Qxe5+ 0-1

[Event "*** SCC Grand Prix: Titled Tuesday Blitz"]
[Site "Chess.com"]
[Date "2020.06.23"]
[Round "5"]
[White "Shankovskyi"]
[Black "icychess54"]
[Result "1-0"]
[WhiteElo "2465"]
[BlackElo "2313"]
[TimeControl "180+1"]
[EndTime "10:57:40 PDT"]
[Termination "Shankovskyi won on time"]

1. e4 c5 2. Nf3 d6 3. d4 cxd4 4. Nxd4 Nf6 5. f3 Nc6 6. c4 e6 7.
Nc3 Be7 8. Nc2 O-O 9. Be3 a6 10. Be2 Bd7 11. Rc1 Qa5 12. Qd2 Rac8 13. O-O Rfd8 14. Rfd1 Qh5 15. Qe1 Qg6 16. Bb6 Re8 17.
Qg3 Ne5 18. b3 Bc6 19. Nd4 Bd7 20. Nc2 Nh5 21. Qxg6 hxg6 22. Be3 g5 23. g3 g6 24. Nd4 Nc6 25. Nxc6 Bxc6 26. Rd3 Red8 27. Rcd1 g4 28. fxg4 Nf6 29. Bb6 Re8 30. Bf3 Nd7 31. Bd4 e5 32.
Bf2 Nf8 33. h4 Ne6 34. g5 f5 35. gxf6 Bxf6 36. Rxd6 Kf7 37. R6d3 Red8 38. Nd5 Bxd5 39. Rxd5 Nd4 40. Bg4 Rxd5 41. exd5 Re8 42. Kg2 Rd8 43. Rd2 Ke7 44. Rd3 Kd6 45. Bf3 b5 46. Be1 bxc4 47.
bxc4 Kc5 48. Rc3 Rb8 49. Bf2 Rb2 50. a3 Ra2 51. Kg1 Kd6 52. c5+ Kc7 53. d6+ Kd8 54. c6 Nxf3+ 55. Rxf3 Bg7 56. Rf7 Ra1+ 57. Kg2 Rd1 58. Rd7+ Kc8 59. Bb6 1-0

[Event "*** SCC Grand Prix: Titled Tuesday Blitz"]
[Site "Chess.com"]
[Date "2020.06.23"]
[Round "5"]
[White "vova-79"]
[Black "grandcoach"]
[Result "0-1"]
[WhiteElo "2418"]
[BlackElo "2111"]
[TimeControl "180+1"]
[EndTime "10:57:41 PDT"]
[Termination "grandcoach won by resignation"]

1. d4 Nf6 2. c4 e6 3. Nc3 d5 4. Nf3 c5 5. e3 Nc6 6. a3 cxd4 7. exd4 Be7 8. c5 Ne4 9. Bd3 Nxc3 10. bxc3 b6 11. cxb6 axb6 12. O-O Ba6 13. Rb1 O-O 14. Bxa6 Rxa6 15. Qb3 Qa8 16. h3 Na5 17. Qb5 Nc4 18. Rb3 Ra5 19. Qd7 Ra7 20. Qb5 Rc8 21. Nd2 Nd6 22. Qd3 Rc6 23. Re1 Ra4 24. Nf3 Nc4 25. Ne5 Nxe5 26. Rxe5 Bxa3 27. Re1 Be7 28. Bf4 Qa6 29. Qxa6 Rxa6 30. Reb1 g5 31. Bd2 Kg7 32. Kf1 Kg6 33. Ke2 Bd6 34. g4 Bc7 35. Kd3 Ra2 36. R3b2 Ra3 37. Rb3 Ra2 38. R3b2 Ra6 39. Rb3 Rc4 40. R3b2 Ra3 41. Rb3 Rxb3 42. Rxb3 Ra4 43. Rb1 Ra2 44. Rf1 Bf4 45. Bxf4 gxf4 46. c4 dxc4+ 47. Kxc4 Kg5 48. d5 exd5+ 49. Kxd5 Kh4 50.
Ke5 f3 51. Kf4 Kxh3 52. Rh1+ Kg2 53. Rxh7 Kxf2 54. Rxf7 Kg2 55. Ke3 f2 56. g5 f1=Q 57. Rxf1 Kxf1 58. g6 Rg2 0-1

[Event "*** SCC Grand Prix: Titled Tuesday Blitz"]
[Site "Chess.com"]
[Date "2020.06.23"]
[Round "5"]
[White "HouseOfDurin"]
[Black "Resignify"]
[Result "1-0"]
[WhiteElo "1919"]
[BlackElo "2130"]
[TimeControl "180+1"]
[EndTime "10:57:42 PDT"]
[Termination "HouseOfDurin won on time"]

1. d4 Nf6 2. Bg5 c5 3. Bxf6 gxf6 4. c3 Qb6 5. Qc2 cxd4 6. cxd4 Nc6 7. e3 Nb4 8. Qb3 Qa5 9. Nc3 d6 10. Bc4 e6 11. Bb5+ Bd7 12. Bxd7+ Kxd7 13. Nge2 d5 14. O-O Rb8 15. e4 dxe4 16. Nxe4 Nd5 17. a3 Be7 18. Rac1 f5 19. Nc5+ Bxc5 20. Rxc5 Qb6 21. Rxd5+ exd5 22. Qxd5+ Qd6 23. Qxf7+ Qe7 24. Qxf5+ Qe6 25. Qf3 Rhf8 26. Qd3 a6 27. Qxh7+ Rf7 28. Qd3 Rg8 29. d5 Qg6 30.
Qxg6 Rxg6 31. Rd1 Rg5 32. g3 Rgf5 33. f4 R5f6 34. Kf2 Rd6 35. Nc3 Re7 36. Rd2 b5 37. Re2 Rxe2+ 38. Kxe2 Rh6 39. h4 Kd6 40. Kf3 Rh5 41.
Kg4 Rh7 42. h5 Rg7+ 43. Kh4 Rg8 44. g4 Kc5 45. g5 a5 46. h6 b4 47. axb4+ axb4 48.
Na2 b3 49. Nc1 Kxd5 50. Kg4 Ke4 51. Nxb3 Rf8 52. Nc5+ Kd5 53. Nd7 Rf7 54. Nf6+ Ke6 55. Kh5 Rb7 56. Kg6 1-0

[Event "*** SCC Grand Prix: Titled Tuesday Blitz"]
[Site "Chess.com"]
[Date "2020.06.23"]
[Round "5"]
[White "GOGIEFF"]
[Black "Yaacovn"]
[Result "0-1"]
[WhiteElo "2883"]
[BlackElo "2791"]
[TimeControl "180+1"]
[EndTime "10:57:43 PDT"]
[Termination "Yaacovn won by resignation"]

1. d4 Nf6 2. c4 e5 3. dxe5 Ne4 4. Nd2 Bb4 5. Nf3 Nc6 6. a3 Nxd2 7. Nxd2 Bxd2+ 8.
Bxd2 Nxe5 9. Bc3 Qe7 10. Qd4 d6 11. c5 f6 12. cxd6 cxd6 13. Rd1 Nf7 14. e3 O-O 15. Be2 Bd7 16. O-O Bc6 17. Rd2 Rfd8 18. Rfd1 a6 19. h4 Ne5 20. Qf4 Rd7 21. h5 h6 22. Qf5 Re8 23. Bb4 Red8 24. Kh2 Ba4 25. Rc1 Bc6 26. Rc3 Kh8 27. f4 Be4 28. Qh3 Nc6 29.
Bg4 Rc7 30. Be6 Nxb4 31. axb4 d5 32. f5 Rxc3 33. bxc3 Qc7+ 34. Qg3 Qxc3 35. Rd4 Qc6 36. Qf4 Qd6 37. Qxd6 Rxd6 38. Rd1 Rc6 39. Kg3 Rc2 40. Bxd5 Rxg2+ 41. Kf4 Bxd5 42. Rxd5 Rb2 43. Rd4 b6 44. e4 a5 45. bxa5 bxa5 46. Rd8+ Kh7 47. Ra8 Rh2 48. Kg4 Ra2 49. Ra7 Ra4 50. Kf3 Ra1 51. Kg2 a4 52. e5 fxe5 53. f6 Kg8 54. Rxg7+ Kf8 55. Rh7 a3 56.
Rxh6 a2 57. Rh8+ Kf7 58. Ra8 Kxf6 59. Ra6+ Kg7 60. Ra7+ Kh6 61. Ra5 e4 62. Ra6+ Kxh5 63. Ra5+ Kg6 64. Ra6+ Kf5 65. Ra5+ Ke6 66. Ra6+ Kd7 67.
Ra5 e3 0-1

[Event "*** SCC Grand Prix: Titled Tuesday Blitz"]
[Site "Chess.com"]
[Date "2020.06.23"]
[Round "5"]
[White "BigAl"]
[Black "wannabe2700"]
[Result "1-0"]
[WhiteElo "2467"]
[BlackElo "2679"]
[TimeControl "180+1"]
[EndTime "10:57:43 PDT"]
[Termination "BigAl won on time"]

1. e4 e6 2. d3 c5 3. Nf3 Nc6 4. g3 g6 5. Be3 Bg7 6. c3 b6 7.
d4 cxd4 8. Nxd4 Nge7 9. Bg2 O-O 10. O-O Bb7 11. f4 Nxd4 12. Bxd4 e5 13. Be3 Qc7 14. f5 gxf5 15. exf5 Bxg2 16. Kxg2 f6 17. Na3 d5 18. Qh5 Qc6 19. Kg1 a5 20. Qe2 Rab8 21. Nb5 a4 22.
Rad1 Rfd8 23. g4 Rd7 24. Rd2 Rbd8 25. Rfd1 Nc8 26. h4 Bf8 27. Kh2 h6 28. Kh3 Bc5 29.
Bxh6 Rh7 30. g5 fxg5 31. Bxg5 Be7 32. Rg1 Kf7 33. f6 Qe6+ 34. Kh2 Bc5 35. Rf1 Rdh8 36. Kg3 e4 37. Qg4 Nd6 38. Qxe6+ Kxe6 39. Nc7+ Kf7 40. Nxd5 Nc4 41. Re2 Bd6+ 42. Kg4 Ne5+ 43. Kf5 Nf3 44. Rxe4 Nxh4+ 45. Bxh4 Rxh4 46. Rxh4 Rxh4 47. Rg1 Rh5+ 48.
Ke4 Rh4+ 49. Kd3 Ke6 50. Nxb6 Bc5 51. Re1+ Kxf6 52. Nc4 Rh2 53. b4 axb3 54. axb3 Bf8 55. Ne3 Rh3 56. c4 Ke6 57. Rf1 1-0